AoeStats
← Mycorrhizal

Arabia

509138613Analyzed
3v3 RM · 7d ago on Sep 25, 2026· 56m 13s· 6 players
Game mode
Random Map
Map size
Normal (6 player)
Population
200
Speed
Normal
Resources
Standard
Victory
Conquest
Starting age
Dark Age
Ending age
Imperial Age
RankedLock teamsTeams togetherTeam positionsShared explorationLock speedFull tech treeHidden civsTurbo modeCheats
Victory
Defeat
🇨🇦 Bulgarians · Canada
1381
+14
🇨🇴 Franks · Colombia
1374
+14
🇺🇸 Saxons · United States
1339
+16
🇨🇳 Varangians · China
1416
-17
🇨🇳 Britons · China
1359
-16
🇨🇱 Teutons · Chile
1246
-11
Mycorrhizal
7:44 Loom
10:27 Feudal Age
17:02 Fletching
18:55 Gold Mining
19:17 Padded Archer Armor
27:15 Castle Age
28:14 Wheelbarrow
27:46 Double-Bit Axe
28:05 Husbandry
28:33 Horse Collar
30:01 Heavy Plow
31:40 Bloodlines
34:47 Ballistics
35:18 Thumb Ring
40:02 Imperial Age
38:47 Hand Cart
40:14 Leather Archer Armor
43:00 Imperial Age
42:10 Bodkin Arrow
43:19 Town Watch
43:59 Bracer
45:59 Pikeman
47:54 Conscription
48:11 Scale Mail Armor
48:33 Halberdier
50:59 Chain Mail Armor
56:13 Plate Mail Armor
56:52 Forging
Saruman 117
6:07 Loom
8:57 Feudal Age
17:51 Wheelbarrow
20:54 Castle Age
19:39 Scale Barding Armor
19:44 Gold Mining
20:40 Forging
21:13 Double-Bit Axe
23:33 Light Cavalry
30:24 Chain Barding Armor
29:55 Town Watch
33:30 Husbandry
35:31 Iron Casting
40:04 Imperial Age
40:32 Cavalier
43:18 Plate Barding Armor
45:21 Hand Cart
46:11 Paladin
47:20 Caravan
48:48 Blast Furnace
50:23 Conscription
53:09 Town Patrol
Les Boyageur
5:38 Loom
9:41 Feudal Age
9:49 Man-at-Arms
12:42 Double-Bit Axe
13:19 Horse Collar
16:35 Fletching
23:26 Castle Age
21:59 Padded Archer Armor
22:17 Gold Mining
23:27 Crossbowman
24:13 Thumb Ring
24:16 Bodkin Arrow
25:36 Ballistics
25:06 Town Watch
29:11 Leather Archer Armor
33:11 Wheelbarrow
36:11 Imperial Age
34:19 Bow Saw
34:53 Heavy Plow
36:57 Hand Cart
36:42 Town Patrol
37:48 Bracer
39:19 Chemistry
38:19 Arbalester
40:53 Ring Archer Armor
41:39 Conscription
40:41 Elite Skirmisher
42:04 Scale Mail Armor
42:16 Forging
43:50 Chain Mail Armor
44:11 Iron Casting
43:32 Shield Wall
44:47 Plate Mail Armor
48:49 Squires
48:35 Gambesons
48:29 Elite Varangian Guard
48:55 Arson
56:06 Elite Hearth Troop
[Yodas] Ivaylo AOE CL
6:24 Loom
9:46 Feudal Age
10:15 Double-Bit Axe
10:19 Horse Collar
15:22 Town Watch
16:55 Scale Barding Armor
18:38 Bloodlines
19:11 Forging
19:09 Gold Mining
23:02 Castle Age
22:12 Fletching
24:11 Chain Barding Armor
31:42 Bow Saw
32:18 Bodkin Arrow
33:15 Wheelbarrow
33:24 Elite Skirmisher
34:13 Padded Archer Armor
35:11 Town Patrol
35:28 Hand Cart
35:56 Guard Tower
37:20 Ballistics
41:45 Imperial Age
43:35 Two-Man Saw
41:59 Cavalier
43:19 Plate Barding Armor
44:29 Iron Casting
44:10 Leather Archer Armor
47:12 Crenellations
48:26 Chemistry
47:01 Pikeman
47:41 Squires
48:53 Blast Furnace
49:46 Siege Engineers
49:52 Masonry
50:36 Guilds
51:00 Scale Mail Armor
51:40 Conscription
52:07 Heavy Plow
53:10 Block Printing
54:27 Chain Mail Armor
kuzel
6:40 Loom
9:04 Feudal Age
9:52 Double-Bit Axe
11:58 Horse Collar
12:59 Fletching
16:37 Padded Archer Armor
24:26 Castle Age
22:55 Gold Mining
24:29 Crossbowman
25:10 Bodkin Arrow
25:27 Bow Saw
27:40 Ballistics
29:44 Leather Archer Armor
31:52 Town Watch
35:26 Wheelbarrow
36:00 Wheelbarrow
41:48 Imperial Age
42:22 Heavy Plow
42:33 Bracer
41:59 Arbalester
43:52 Chemistry
43:29 Hand Cart
44:16 Two-Man Saw
44:27 Conscription
45:33 Ring Archer Armor
48:50 Yeomen
49:49 Gold Shaft Mining
AOE | Wu
8:10 Loom
10:41 Feudal Age
11:48 Double-Bit Axe
17:41 Gold Mining
20:20 Castle Age
18:03 Horse Collar
20:21 Bloodlines
20:18 Scale Barding Armor
20:24 Forging
21:04 Husbandry
21:24 Scale Barding Armor
23:01 Heavy Plow
24:20 Stone Mining
26:37 Wheelbarrow
27:39 Bow Saw
28:25 Chain Barding Armor
36:22 Hand Cart
36:48 Iron Casting
39:11 Fletching
45:13 Stone Shaft Mining
54:05 Imperial Age
56:01 Blast Furnace
55:38 Plate Barding Armor
55:37 Bodkin Arrow
Connection lost

Rejoining the realm…

Still unreachable

The connection could not be restored.

Session expired

The server has moved on; the page needs a fresh start.